 Dungeon Crawl Stone Soup version 0.20-a0-38-g7d30548 (webtiles) character file.

21 FrankyJ the Sneak (level 2, 0/19 HPs)
             Began as a Vampire Summoner on Nov 11, 2016.
             Succumbed to an adder's poison
             ... on level 2 of the Dungeon.
             The game lasted 00:02:36 (1088 turns).

FrankyJ the Sneak (Vampire Summoner)                Turns: 1088, Time: 00:02:37

Health: 0/19       AC:  4    Str: 12    XL:     2   Next: 65%
Magic:  5/5        EV: 12    Int: 22    God:
Gold:   52         SH:  0    Dex: 14    Spells: 1 memorised, 4 levels left

rFire  . . .     SeeInvis +     o - +0 dagger
rCold  . . .     Gourm    .     t - +0 leather armour
rNeg   + . .     Faith    .     (no shield)
rPois  .         Spirit   .     i - +0 helmet
rElec  .         Reflect  .     (no cloak)
rCorr  .         Harm     .     (no gloves)
MR     .....                    (no boots)
Stlth  ++........               (no amulet)
                                (no ring)
                                (no ring)

@: mighty, brilliant, lethally poisoned (0 -> -6)
A: fangs 3, see invisible, unbreathing
a: no special abilities


You were on level 2 of the Dungeon.
You were not thirsty.

You visited 1 branch of the dungeon, and saw 2 of its levels.

You collected 52 gold pieces.

Inventory:

Hand Weapons
 o - a +0 dagger (weapon)
 s - a +0 short sword
Missiles
 p - 2 tomahawks (quivered)
Armour
 a - a +0 robe
 i - a +0 helmet (worn)
 t - a +0 leather armour (worn)
Jewellery
 u - an uncursed ring of resist corrosion {unknown}
Scrolls
 d - a scroll of noise {unknown}
 g - a scroll of identify {unknown}
 h - a scroll of enchant weapon {unknown}
 j - a scroll of amnesia {unknown}
 k - a scroll of fear {unknown}
 l - a scroll of blinking {unknown}
 n - a scroll of enchant armour {unknown}
 q - a scroll of remove curse {unknown}
Potions
 c - 2 potions of blood
 r - a potion of haste {unknown}
Books
 b - a book of Callings

   Spells                             Type                      Level
   a - Summon Small Mammal            Summoning                    1
   b - Call Imp                       Summoning                    2
   c - Call Canine Familiar           Summoning                    3
   d - Summon Guardian Golem          Hexes/Summoning              3
   e - Summon Lightning Spire         Summoning/Air                4
   f - Summon Ice Beast               Ice/Summoning                4


   Skills:
 + Level 0.2 Armour
 - Level 2.1 Dodging
 * Level 4.2 Stealth
 + Level 2.4 Spellcasting
 - Level 4.0 Summonings


You had 4 spell levels left.
You knew the following spells:

 Your Spells              Type           Power        Failure   Level  Hunger
a - Summon Small Mammal   Summ           ####         1%          1    None


Dungeon Overview and Level Annotations

Branches:
Dungeon (2/15)

Altars:


Innate Abilities, Weirdness & Mutations

You have razor-sharp teeth.
You have supernaturally acute eyesight. (SInv)
You can survive without breathing.


Message History

It was a potion of curing.
You feel better. The adder bites you.
* * * LOW HITPOINT WARNING * * *
Your quokka completely misses the adder.
You barely miss the adder. Your bite misses the adder.
The adder is heavily wounded.
The adder closely misses you.
Your quokka misses the adder. The adder closely misses you.
You closely miss the adder. Your bite misses the adder.
The adder is heavily wounded.
Your quokka bites the adder.
The adder barely misses your quokka.
You closely miss the adder.
The adder is heavily wounded.
Your quokka bites the adder.
The adder bites you.
* * * LOW HITPOINT WARNING * * *
You are lethally poisoned!
The adder poisons you!
Your quokka misses the adder. You barely miss the adder. You bite the adder.
You kill the adder!
Your Stealth skill increases to level 4!
You die...

####........
#..........# #..#
###.##........ ....
.....<.#####.# #..#
.....%....##.# #..#
.......##.##.# #..#
..#.#####.##.# #..# .
#.#####.##.# #..####..
...........# #@r......
##.##.......###.#.###..
#................#
####......#.##...#
#...)..#.####.#
#.##.###.# .# ....[..
... .# #.#########.. #
. #..#


You could see a friendly quokka.

Vanquished Creatures
  An adder (D:2)
  A worm (D:1)
  A bat (D:1)
  A goblin (D:2)
  2 frilled lizards (D:1)
6 creatures vanquished.

Vanquished Creatures (collateral kills)
  A dart slug (D:1)
  A giant cockroach (D:1)
  A bat (D:1)
  A frilled lizard (D:1)
  2 kobolds (D:1)
  2 rats (D:1)
8 creatures vanquished.

Grand Total: 14 creatures vanquished

Notes
Turn   | Place    | Note
-------+----------+-------------------------------------------
     0 | D:1      | FrankyJ the Vampire Summoner began the quest for the Orb.
     0 | D:1      | Reached XP level 1. HP: 13/13 MP: 3/3
   765 | D:1      | Reached XP level 2. HP: 18/19 MP: 5/5
  1088 | D:2      | Succumbed to an adder's poison

Vault maps used:
D:1:      co_arrival_random_square_maze, columned_hall_lemuel, minivault_11,
          hex_large
D:2:      dancing_weapons_uskayaw, yredelemnul_forgotten_temple_becter

Skill      XL: |  1  2 |
---------------+-------+-----
Stealth        | 4 |  4.2
Armour         | |  0.2
Dodging        | |  2.1
Spellcasting   | |  2.4
Summonings     | |  4.0

Action                   || total
-------------------------++-------
Melee: Unarmed           ||    15
       Dagger            ||    24
       Bite              ||     1
Throw: Tomahawk          ||     2
 Cast: Summon Small Mamm ||    13
  Use: Potion            ||     3
 Stab: Sleeping          ||     2
  Eat: Corpse            ||     1
Armor: Robe              ||    12
       Leather armour    ||     4
Dodge: Dodged            ||    46
